 Dungeon Crawl Stone Soup version 0.27-a0-1180-g7fc4abc71e (webtiles) character file.

Game seed: 16799913868068130875

4 Glokmah the Vexing (level 1, -1/19 HPs)
             Began as an Ogre Arcane Marksman on May 17, 2021.
             Slain by a jackal (3 damage)
             ... on level 1 of the Dungeon.
             The game lasted 00:00:29 (48 turns).

Glokmah the Vexing (Ogre Arcane Marksman)             Turns: 48, Time: 00:00:30

Health: -1/19      AC:  3    Str: 13    XL:     1   Next: 60%
Magic:  2/2        EV:  9    Int: 14    God:
Gold:   0          SH:  0    Dex:  9    Spells: 1/2 levels left

rFire    . . .     SeeInvis .   (no weapon)
rCold    . . .     Faith    .   (no shield)
rNeg     . . .     Spirit   .   a - +0 robe
rPois    .         Reflect  .   (helmet restricted)
rElec    .         Harm     .   (no cloak)
rCorr    .         Rampage  .   (gloves unavailable)
Will     .....                  (boots unavailable)
Stlth    +.........             (no amulet)
HPRegen  0.06/turn              (no ring)
MPRegen  0.08/turn              (no ring)

@: no status effects
A: large, unfitting armour, tough skin 1
a: no special abilities


You were on level 1 of the Dungeon.
You visited 1 branch of the dungeon, and saw 1 of its levels.

Inventory:

Missiles
 c - a large rock (quivered)
Armour
 a - a +0 robe (worn)


   Skills:
 + Level 1.5 Fighting
 * Level 2.1 Throwing
 - Level 1.7 Dodging
 + Level 1.3 Spellcasting
 * Level 2.8 Hexes


You had one spell level left.
You knew the following spells:

 Your Spells              Type           Power      Damage    Failure   Level
a - Corona                Hex            8%         N/A       9%          1

Your spell library contained the following spells:

 Spells                   Type           Power      Damage    Failure   Level
 Slow                     Hex            8%         N/A       12%         2
 Inner Flame              Hex/Fire       4%         N/A       41%         3
 Portal Projectile        Hex/Tloc       8%         N/A       41%         3
 Cause Fear               Hex            4%         N/A       63%         4
 Leda's Liquefaction      Hex/Erth       2%         N/A       82%         4


Dungeon Overview and Level Annotations

Branches:
Dungeon (1/15)

Altars:


Innate Abilities, Weirdness & Mutations

You are too large for most types of armour.
You have tough skin. (AC +1)


Message History

The jackal bites you but does no damage.
The goblin hits you with a +0 club. The jackal closely misses you.
You closely miss the goblin.
The goblin is heavily wounded.
The goblin closely misses you. The jackal closely misses you.
You hit the goblin but do no damage.
The goblin is heavily wounded.
The goblin hits you with a +0 club. The jackal closely misses you.
You barely miss the goblin.
The goblin is heavily wounded.
The jackal barely misses you. The goblin hits you with a +0 club.
The jackal bites you.
* * * LOW HITPOINT WARNING * * *
Found a leather armour.
Found a faded altar of an unknown god.
You see here 2 large rocks.
c - 2 large rocks The goblin hits you with a +0 club.
* * * LOW HITPOINT WARNING * * *
The goblin hits you with a +0 club.
* * * LOW HITPOINT WARNING * * *
Things that are here:
a large rock; a +0 club
c - 3 large rocks (gained 1)
The goblin hits you but does no damage.
Throw: 3 large rocks
Press: ? - help, Q - select action, (/) - cycle Shift-Dir - straight line, f - goblin
Aim: a goblin, wielding a +0 club (heavily wounded, 45% to hit)
You throw a large rock. The large rock hits the goblin!!
You kill the goblin!
The jackal bites you.
* * * LOW HITPOINT WARNING * * *
The jackal completely misses you.
Throw: 2 large rocks
Press: ? - help, Q - select action, (/) - cycle Shift-Dir - straight line, f - jackal
Aim: a jackal (45% to hit)
You throw a large rock.
The large rock barely misses the jackal.
The jackal bites you.
You die...

♣8. ♣.. ### ♣...
#♣♣♣♣ .... ♣..♣
#.#.####....
♣..♣#.#.........
♣(............
#)#...........
#h####.####..
#@# #.#
#.####.####..
#.(.........[.
##''###.####..#
##8..8##...
###..###.##.#
#÷+..+÷#.# #
###..###.#
#8....8#.#


You could see a jackal.

Vanquished Creatures
  2 goblins (D:1)
  A jackal (D:1)
3 creatures vanquished.

Notes
Turn   | Place    | Note
-------+----------+-------------------------------------------
     0 | D:1      | Glokmah the Ogre Arcane Marksman began the quest for the
                  | Orb.
     0 | D:1      | Reached XP level 1. HP: 19/19 MP: 2/2
    41 | D:1      | Found a faded altar of an unknown god.
    48 | D:1      | Slain by a jackal

Illustrated notes

Levels and vault maps discovered:
D:1:      wander_arrival_abandoned_jail, layout_basic, serial_shops,
          nicolae_shop_trees, shop, shapermc_ecumenical_altar_totnotflames

Action                   || total
-------------------------++-------
Melee: Unarmed           ||     8
Throw: Large rock        ||     6
       Throwing net      ||     2
Armor: Robe              ||    10
Dodge: Dodged            ||    17

Table legend: (Time is in decaauts)
 A = Elapsed time spent in this place.
 B = Non-inter-level travel time spent in this place.
 C = Inter-level travel time spent in this place.
 D = Time resting spent in this place.
 E = Time spent auto-exploring this place.
 F = Levels seen in this place.
 G = Mean time per level.
                   A        B        C        D        E       F      G
               +--------+--------+--------+--------+--------+-----+--------+
         Total |     52 |     52 |      0 |      0 |      3 |   1 |   52.0 |
       Dungeon |     52 |     52 |      0 |      0 |      3 |   1 |   52.0 |
               +--------+--------+--------+--------+--------+-----+--------+

Top non-repeatable levels by time:
     D:1: 52 daAuts
